 Dungeon Crawl Stone Soup version 0.30-a0-462-gd5975efbca (webtiles) character file.

Game seed: 17957471457035165170

103 Darkkill the Shooter (level 4, -5/38 HPs)
             Began as a Minotaur Hunter on Dec 16, 2022.
             Killed by divine providence
             ... invoked by an orc priest
              (13 damage)
             ... on level 3 of the Dungeon.
             The game lasted 00:02:45 (1702 turns).

Darkkill the Shooter (Minotaur Hunter)              Turns: 1702, Time: 00:02:46

Health: -5/38      AC:  5    Str: 17    XL:     4   Next: 51%
Magic:  3/3        EV: 12    Int:  6    God:
Gold:   80         SH:  0    Dex: 14    Spells: 3/3 levels left

rFire   . . .      SeeInvis .    a - +0 shortbow
rCold   . . .      Faith    .    (shield currently unavailable)
rNeg    . . .      Spirit   .    c - +0 leather armour
rPois   .          Reflect  .    (helmet restricted)
rElec   .          Harm     .    (no cloak)
rCorr   .          Rampage  .    (no gloves)
Will    .....                    k - +1 pair of boots
Stlth   ++........               (no amulet)
HPRegen 0.26/turn                (no ring)
MPRegen 0.08/turn                (no ring)

@: no status effects
A: horns 2, retaliatory headbutt
a: no special abilities


You were on level 3 of the Dungeon.
You visited 1 branch of the dungeon, and saw 3 of its levels.

You collected 80 gold pieces.

Inventory:

Hand Weapons
 a - a +0 shortbow (weapon)
Missiles
 d - 18 stones
 p - 5 poisoned darts
Armour
 c - a +0 leather armour (worn)
 k - a +1 pair of boots (worn)
Wands
 f - a wand of flame (17)
Scrolls
 b - a scroll of immolation
Potions
 e - a potion of magic
 g - a potion of degeneration {unknown}
 h - a potion of curing {unknown}
 n - a potion of resistance {unknown}


   Skills:
 + Level 3.5 Fighting
 + Level 5.0 Ranged Weapons
 + Level 3.1 Dodging
 + Level 2.1 Stealth


You had 3 spell levels left.
You didn't know any spells.
Your spell library was empty.

Dungeon Overview and Level Annotations

Branches:
Dungeon (3/15)

Altars:
Cheibriados
Okawaru

Shops:
D:2 [


Innate Abilities, Weirdness & Mutations

You have a pair of horns on your head.
You reflexively headbutt those who attack you in melee.


Message History

An endoplasm is nearby!
An endoplasm is nearby!
You shoot an arrow. The arrow hits the endoplasm.
You kill the endoplasm!
Found a stone staircase leading up.
No target in view!
Found a hand axe.
No target in view!
No target in view!
f - a wand of flame (17) No target in view! 2 orc priests and an orc wizard come into view.
The orc priest shouts!
The orc wizard shouts!
An orc comes into view. It is wielding a +0 flail.
The orc priest moves out of view.
You shoot an arrow. The orc shouts!
The arrow hits the orc priest.
The orc priest is lightly wounded.
There are monsters nearby!
There are monsters nearby!
You shoot an arrow. The arrow hits the orc priest!
The orc priest is heavily wounded.
You shoot an arrow. The arrow barely misses the orc priest.
The arrow closely misses the orc.
The arrow hits the orc priest.
The orc priest is severely wounded.
The orc priest calls upon Beogh to heal the orc priest.
The orc priest is healed somewhat.
There are monsters nearby!
You shoot an arrow.
The arrow completely misses the orc wizard.
The orc wizard points at you and mumbles some strange words.
You resist with some effort.
There are monsters nearby!
You shoot an arrow. The arrow hits the orc priest.
The orc priest is lightly wounded.
The orc priest looks encouraged for a moment.
You shoot an arrow. The arrow hits the orc wizard.
The orc wizard is moderately wounded.
The orc wizard gestures wildly while chanting.
The orc wizard flickers and vanishes!
Deactivating autopickup; reactivate with Ctrl-A.
You shoot an arrow.
You hear some strange, mumbled words.
You are confused.
Something hits you.
You shoot an arrow. Something hits you but does no damage.
You shoot an arrow. Something barely misses you.
You bump into the rock wall.
Something hits you but does no damage.
You miss something. Your headbutt misses something.
You feel less confused. Something hits you but does no damage.
You shoot an arrow. The arrow closely misses the orc.
The arrow hits the orc priest.
The orc priest is moderately wounded.
The orc barely misses you.
You shoot an arrow. The arrow hits the orc!
You kill the orc!
The orc priest miscasts a cantrip.
You shoot an arrow.
Something hits you but does no damage. x2
The orc priest calls down the wrath of Beogh upon you.
Something writhes in agony!
Reactivating autopickup.
You feel a bit more experienced.
Your Ranged Weapons skill increases to level 5!
The orc priest mumbles some strange prayers to Beogh against you.
Beogh smites you!
The orc priest invokes the aid of Beogh against you.
Pain shoots through your body!
Things that are here:
a +0 dagger; a +0 robe The orc priest calls down the wrath of Beogh upon you.
Pain shoots through your body!
The orc priest calls upon Beogh to heal the orc priest.
The orc priest's wounds heal themselves!
Things that are here:
a +0 flail; an orc corpse You shoot an arrow.
The arrow closely misses the orc priest.
The orc priest hits you with a +0 club. The orc priest hits you with a +0 mace.
* * * LOW HITPOINT WARNING * * *
Read: scroll of fear
Press: ? - help, Q - select action, (/) - cycle Dir - look around, f - activate Look: an orc priest, wielding a +0 club (lightly wounded, chance to affect: 97%)
As you read the scroll of fear, it crumbles to dust.
You assume a fearsome visage.
The orc priest looks frightened! x2
Fire: a) +0 shortbow
Press: ? - help, Q - select action, (/) - cycle Shift-Dir - straight line, f/p - orc priest
Aim: an orc priest, wielding a +0 club (lightly wounded, fleeing, 62% to hit)
You shoot an arrow. The arrow hits the orc priest.
Your attack snaps the orc priest out of its fear.
The orc priest is moderately wounded.
Fire: a) +0 shortbow
Press: ? - help, Q - select action, (/) - cycle Shift-Dir - straight line, f/p - orc priest
Aim: an orc priest, wielding a +0 club (moderately wounded, 62% to hit)
You shoot an arrow. The arrow barely misses the orc priest.
The orc priest mumbles some strange prayers to Beogh against you.
Beogh smites you!
You die...

######................
#.......##........
#.#####........_..
#.#####...........
#.................
#....##.#####.....
#.##..<..# #.....
#)######.####..... #@#
#...###.... #....o..#
###.# #.... #.......#
#[###.... #......o#
#........ #.......#
#####.... #........
#..>. #......### #....
#......# #.... #....


You could see 2 orc priests.

Vanquished Creatures
  A mummy (D:3)
  3 adders
  A worm (D:2)
  3 dart slugs
  An orc (D:3)
  4 ball pythons
  4 endoplasms
  4 goblins
  2 hobgoblins (D:2)
  6 kobolds
  2 quokkas (D:2)
  3 bats (D:1)
  3 rats (D:1)
37 creatures vanquished.

Vanquished Creatures (others)
  An orc wizard (D:3)
1 creature vanquished.

Grand Total: 38 creatures vanquished

Notes
Turn   | Place    | Note
-------+----------+-------------------------------------------
     0 | D:1      | Darkkill the Minotaur Hunter began the quest for the Orb.
     0 | D:1      | Reached XP level 1. HP: 18/18 MP: 0/0
   102 | D:1      | Reached skill level 1 in Stealth
   161 | D:1      | Reached XP level 2. HP: 25/25 MP: 1/1
   968 | D:2      | Found an iron altar of Okawaru.
  1003 | D:2      | Reached XP level 3. HP: 22/31 MP: 2/2
  1186 | D:2      | Found Caecoezo's Antique Armour Emporium.
  1372 | D:2      | Found a faded altar of an unknown god.
  1544 | D:3      | Reached XP level 4. HP: 38/38 MP: 3/3
  1550 | D:3      | Found a snail-covered altar of Cheibriados.
  1697 | D:3      | Reached skill level 5 in Ranged Weapons
  1699 | D:3      | HP: 7/38 [orc priest/+0 mace (6)]
  1702 | D:3      | Killed from afar by an orc priest

Illustrated notes

Levels and vault maps discovered:
D:1:      tekkud_arrival_beachfront_property, layout_basic
D:2:      layout_basic, basic_altar, shapermc_ecumenical_altar_mp_ritualfount,
          serial_shops, nicolae_shop_advertising_works
          [nicolae_subvault_shop_adworks]
D:3:      layout_basic, regret_index_temple_of_mockery, old_standard_altar,
          slow_altar_1, grunt_decor_junction

Skill      XL: |  1  2  3  4 |
---------------+-------------+-----
Stealth        | 1 2 |  2.1
Fighting       | 3 |  3.5
Dodging        | 3 |  3.1
Ranged Weapons | 5 |  5.0

Action                   |  1- 3 |  4- 6 || total
-------------------------+-------+-------++-------
Melee: Shortbow          |       |     1 ||     1
 Fire: Shortbow          |    94 |    25 ||   119
  Use: Scroll            |     8 |     1 ||     9
Armor: Leather armour    |     5 |     5 ||    10
Dodge: Dodged            |    26 |     3 ||    29

Table legend: (Time is in decaauts)
 A = Elapsed time spent in this place.
 B = Non-inter-level travel time spent in this place.
 C = Inter-level travel time spent in this place.
 D = Time resting spent in this place.
 E = Time spent auto-exploring this place.
 F = Levels seen in this place.
 G = Mean time per level.
                   A        B        C        D        E       F      G
               +--------+--------+--------+--------+--------+-----+--------+
         Total |   1739 |   1661 |     78 |    100 |   1239 |   3 |  579.7 |
       Dungeon |   1739 |   1661 |     78 |    100 |   1239 |   3 |  579.7 |
               +--------+--------+--------+--------+--------+-----+--------+

Top non-repeatable levels by time:
     D:1: 956 daAuts
     D:2: 601 daAuts
     D:3: 181 daAuts

Table legend:
 A = Kills in this place as a percentage of kills in entire the game.
 B = Kills by you in this place as a percentage of kills by you in the entire game.
 C = Kills by friends in this place as a percentage of kills by friends in the entire game.
 D = Other kills in this place as a percentage of other kills in the entire game.
 E = Experience gained in this place as a percentage of experience gained in the entire game.
 F = Experience gained in this place divided by the number of levels of this place that you have seen.
                   A       B       C       D       E      F
               +-------+-------+-------+-------+-------+----------------------
         Total | 100.0 | 100.0 |   N/A | 100.0 | 100.0 |  49.3
       Dungeon | 100.0 | 100.0 |   N/A | 100.0 | 100.0 |  49.3
               +-------+-------+-------+-------+-------+----------------------
